Map: Bel'Shir Vestige LE (Void)

Players

PandaBearMe - Winner!

  • Race: Zerg Zerg
  • Spawn Location: 5:00

Livibee

  • Race: Zerg Zerg
  • Spawn Location: 11:00

Event: WCS Austin 2017

VOD

Have the link to the VOD?

Description

Time

  • Played on: April 28, 2017, 1:45 p.m.
  • Length: 8:46

All games in this series

Show
View Real Time Build Order
Export as new Build Order

PandaBearMe Zerg - Winner!

Build Orders: Hatch First 

Get SALT Encoding   

  12  0:01  Drone  
  13  0:12  Overlord  
  13  0:17  Drone  
  14  0:30  Drone  
  14  0:31  Drone  
  16  0:47  Hatchery  
  15  0:51  Drone  
  15  0:54  Drone  
  17  0:57  Drone  
  17  1:00  Extractor  
  17  1:13  Spawning Pool  
  17  1:15  Drone  
  17  1:19  Drone  
  18  1:28  Drone  
  19  1:38  Overlord  
  19  1:59  Queen x2  
  23  2:01  Zergling x2  
  23  2:03  Zergling x2  
  23  2:06  Zergling x2  
  26  2:11  Zergling x2  
  26  2:12  Zergling x2  
  28  2:17  Baneling Nest  
  28  2:20  Spine Crawler  
  26  2:24  Zergling x2  
  26  2:29  Zergling x2  
  28  2:42  Zergling x4  
  26  2:45  Zergling x4  
  27  2:54  Zergling x4  
  29  3:02  Baneling x2  
  29  3:04  Metabolic Boost  
  27  3:07  Zergling x2  
  28  3:13  Zergling x2  
  28  3:25  Zergling x2  
  26  3:31  Overlord  
  23  3:53  Zergling x4  
  23  3:54  Queen  
  26  4:01  Zergling x2  
  24  4:08  Zergling x2  
  23  4:11  Baneling x3  
  23  4:21  Zergling x2  
  21  4:44  Zergling x2  
  21  4:45  Zergling x2, Hatchery  
  20  4:50  Queen  
  22  4:59  Zergling x2  
  23  5:06  Zergling x2  
  24  5:08  Zergling x6  
  27  5:18  Baneling x2  
  27  5:19  Drone  
  27  5:31  Drone  
  27  5:37  Drone  
  28  5:57  Drone x3  
  28  5:58  Drone x2  
  28  5:59  Baneling  
  28  6:00  Baneling  
  28  6:03  Hatchery  
  32  6:08  Drone  
  32  6:09  Drone  
  32  6:20  Overlord  
  30  6:26  Roach Warren  
  30  6:28  Drone  
  30  6:33  Drone x2  
  32  6:58  Drone x2  
  34  7:06  Roach x9  
  52  7:12  Overlord  
  52  7:15  Roach x2  
  55  7:18  Roach  
  57  7:23  Zergling x2, Overlord  
  58  7:33  Overlord  
  58  7:34  Roach, Zergling x2  
  58  7:35  Zergling x2  
  62  7:43  Zergling x2  
  63  7:44  Zergling x4  
  63  7:45  Zergling x2  
  63  7:46  Zergling x4  
  63  7:48  Zergling x2  
  63  7:50  Zergling x2  
  69  7:51  Zergling x2  
  69  7:56  Zergling x4  
  73  7:58  Zergling x2  
  73  7:59  Zergling x2  
  73  8:01  Zergling x2  
  73  8:05  Zergling x4  
  76  8:09  Zergling x2  
  76  8:12  Zergling x4  
  78  8:16  Zergling x2  
  78  8:17  Zergling x2  
  79  8:21  Zergling x4  
  81  8:27  Zergling x2  
Show
View Real Time Build Order
Export as new Build Order

Livibee Zerg 

Build Orders: Pool First, Zergling Baneling 

Get SALT Encoding   

  12  0:01  Drone  
  13  0:09  Extractor  
  12  0:25  Spawning Pool  
  11  0:33  Drone  
  11  0:35  Drone  
  13  0:40  Drone  
  14  0:52  Overlord  
  14  1:11  Zergling x2  
  14  1:12  Zergling x2  
  14  1:15  Metabolic Boost  
  14  1:16  Zergling x2  
  17  1:28  Zergling x2  
  18  1:33  Baneling Nest  
  18  1:38  Zergling x2  
  18  1:49  Zergling x2  
  18  1:52  Queen  
  21  2:02  Overlord  
  21  2:11  Zergling x2  
  22  2:20  Baneling x2  
  23  2:22  Zergling x2  
  23  2:32  Zergling x2  
  23  2:47  Zergling x2  
  24  2:52  Baneling x2  
  23  2:59  Zergling x2  
  23  3:03  Zergling x2  
  25  3:14  Zergling x2  
  26  3:27  Zergling x6  
  24  3:30  Baneling  
  24  3:31  Baneling x2  
  26  3:39  Hatchery  
  22  3:49  Zergling x2  
  22  3:50  Zergling x4  
  24  3:59  Zergling x4  
  23  4:10  Baneling x2  
  23  4:11  Drone  
  23  4:12  Drone  
  25  4:18  Baneling x2  
  25  4:21  Drone  
  26  4:26  Baneling  
  24  4:45  Drone x3  
  20  4:49  Queen  
  20  4:51  Zergling x2  
  24  4:57  Drone x2  
  24  4:58  Drone  
  27  5:04  Zergling x2  
  27  5:06  Zergling x2  
  29  5:19  Queen  
  31  5:22  Baneling  
  31  5:25  Drone x2  
  33  5:32  Drone x3  
  36  5:36  Baneling  
  36  5:51  Overlord  
  36  6:00  Roach Warren  
  36  6:01  Overlord  
  36  6:02  Overlord  
  35  6:05  Drone  
  35  6:08  Extractor  
  34  6:27  Drone x4  
  34  6:31  Drone  
  34  6:32  Drone x2  
  40  6:33  Overlord  
  40  6:41  Roach x4  
  40  6:46  Roach  
  50  6:47  Roach  
  50  6:50  Baneling x2  
  52  6:55  Roach  
  52  6:59  Roach  
  56  7:02  Overlord, Zergling x2  
  56  7:03  Zergling x4  
  61  7:08  Roach x2  
  63  7:16  Roach  
  63  7:17  Roach  
  63  7:22  Roach  
  68  7:35  Zergling x10  
  66  7:55  Roach  
  66  7:56  Roach x4  
  70  8:08  Roach  
  70  8:09  Roach  
  66  8:17  Overlord x2  
  66  8:18  Zergling x4  
  66  8:25  Roach  
Tags
 
Add a new tag
Caveats
  • Supply blocks, unpowered buildings, or Contaminate may cause inaccurate times.
  • Supply counts are checked every 10 seconds.